 Dungeon Crawl Stone Soup version 0.24.0-1-gfbc8707 (webtiles) character file.

Game seed: 16004774791370020421, levelgen mode: deterministic

4035 wrshamilton the Frost Mage (level 10, -16/56 HPs)
             Began as a Gargoyle Ice Elementalist on Nov 3, 2019.
             Was an Elder of Sif Muna.
             Engulfed by a cloud of flame (25 damage)
             ... on level 9 of the Dungeon on Nov 4, 2019.
             The game lasted 01:28:45 (12887 turns).

wrshamilton the Frost Mage (GrIE)                  Turns: 12887, Time: 01:28:46

Health: -16/56     AC:  9    Str: 15    XL:     10   Next: 24%
Magic:  12/18      EV: 12    Int: 18    God:    Sif Muna [****..]
Gold:   495        SH:  0    Dex: 13    Spells: 4/20 levels left

rFire    . . .     SeeInvis .   r - +7 dagger of Hukism {venom, rElec Str+2 Dex+3 Stlth-}
rCold    . . .     Gourm    .   (no shield)
rNeg     + . .     Faith    .   e - -2 leather armour (curse)
rPois    ∞         Spirit   .   (no helmet)
rElec    +         Reflect  .   (no cloak)
rCorr    .         Harm     .   G - +0 pair of gloves (curse)
MR       .....                  (no boots)
Stlth    +.........             s - amulet of regeneration
HPRegen  0.58/turn              (no ring)
MPRegen  0.16/turn              (no ring)

@: very slightly contaminated
A: negative energy resistance 1, electricity resistance, unbreathing,
petrification resistance, rot immunity, AC +7
a: Channel Magic, Forget Spell, Divine Exegesis, Renounce Religion


You were on level 9 of the Dungeon.
You worshipped Sif Muna.
Sif Muna was greatly pleased with you.
You were not hungry.

You visited 2 branches of the dungeon, and saw 10 of its levels.

You collected 775 gold pieces.
You spent 280 gold pieces at shops.

Inventory:

Hand Weapons
 a - a +1 flail of protection
 b - a +0 hunting sling
 i - a +0 shortbow
 o - a +1 war axe of electrocution
 r - the +7 dagger of Hukism (weapon) {venom, rElec Str+2 Dex+3 Stlth-}
   (You found it on level 6 of the Dungeon)

   It poisons the flesh of those it strikes.
   It affects your strength (+2).
   It affects your dexterity (+3).
   It insulates you from electricity.
   It makes you less stealthy.
 v - a +2 falchion of draining
 y - a +2 dagger of draining
 I - a +2 dagger of draining
Missiles
 h - 102 arrows
 k - 344 stones
 w - 5 silver boomerangs (quivered)
Armour
 d - a +1 leather armour
 e - a cursed -2 leather armour (worn)
 A - a cursed +0 leather armour
 B - a +1 pair of gloves of archery
 G - a cursed +0 pair of gloves (worn)
Jewellery
 s - an amulet of regeneration (around neck)
 H - an uncursed amulet of faith {unknown}
 L - a cursed ring of attention {unknown}
Wands
 m - a wand of digging (5)
 J - a wand of polymorph (15)
Scrolls
 f - a scroll of enchant armour
 g - 5 scrolls of teleportation
 p - 2 scrolls of blinking
 x - a scroll of fog
 C - a scroll of magic mapping
 D - a scroll of enchant weapon
 E - 3 scrolls of identify
Potions
 j - 3 potions of flight
 l - 3 potions of curing
 n - a potion of ambrosia
 q - 2 potions of invisibility
 t - a potion of degeneration {unknown}
 u - 2 potions of heal wounds
 z - a potion of resistance
 F - 3 potions of lignification
Comestibles
 c - 17 rations


   Skills:
 * Level 3.4 Fighting
 + Level 3.1 Short Blades
 - Level 0.2 Slings
 - Level 1.5 Dodging
 - Level 2.2 Stealth
 + Level 5.7 Spellcasting
 - Level 6.1 Conjurations
 - Level 1.3 Charms
 - Level 6.1 Summonings
 - Level 2.4 Translocations
 - Level 8.2 Ice Magic


You had 4 spell levels left.
You knew the following spells:

 Your Spells              Type           Power        Failure   Level  Hunger
a - Freeze                Ice            ####         1%          1    None
b - Throw Frost           Conj/Ice       ####..       1%          2    None
c - Throw Icicle          Conj/Ice       ####....     8%          4    ####...
d - Ozocubu's Armour      Chrm/Ice       ###.....     6%          3    ##.....
e - Summon Ice Beast      Ice/Summ       ####....     8%          4    ####...
f - Blink                 Tloc           N/A          9%          2    None

Your spell library contained the following spells:

 Spells                   Type           Power        Failure   Level  Hunger
 Magic Dart               Conj           ####         1%          1    None
 Call Imp                 Summ           ####....     1%          2    None
 Call Canine Familiar     Summ           ####....     3%          3    ##.....
 Ensorcelled Hibernation  Hex/Ice        ###...       4%          2    None
 Conjure Flame            Conj/Fire      ###.....     13%         3    ##.....
 Mephitic Cloud           Conj/Pois/Air  ##......     19%         3    ##.....
 Slow                     Hex            #.......     22%         2    None
 Summon Demon             Summ           ####......   32%         5    #####..
 Summon Mana Viper        Hex/Summ       ###.....     75%         5    #####..


Dungeon Overview and Level Annotations

Branches:
Dungeon (9/15)             Temple (1/1) D:7            Lair (0/6) D:9
    Orc: D:9-12

Altars:
Ashenzari
Cheibriados
Dithmenos
Elyvilon
Fedhas
Gozag
Hepliaklqana
Kikubaaqudgha
Makhleb
Nemelex Xobeh
Okawaru
Qazlal
Ru
Sif Muna
Trog
Uskayaw
Vehumet
Wu Jian
Xom
Yredelemnul
Zin
The Shining One

Shops:
D:5 :

Annotations:
D:6 1 runed translucent door


Innate Abilities, Weirdness & Mutations

You are resistant to torment.
Your stone body is resilient. (AC +7)
You are immune to poison.
You resist negative energy. (rN+)
You are resistant to electric shocks. (rElec)
You can survive without breathing.
You are immune to petrification.
You are immune to rotting.


Message History

The black bear dies!
Really walk into a travel-excluded area?
Casting: Throw Icicle (safe; 8% risk of failure)
Confirm with . or Enter, or press ? or * to list all spells.
You blink.
Really walk into a travel-excluded area?
Casting: Blink (safe; 9% risk of failure)
Confirm with . or Enter, or press ? or * to list all spells.
You miscast Blink.
You are very lightly contaminated with residual magic.
You feel uncomfortable.
Casting: Blink (safe; 9% risk of failure)
Confirm with . or Enter, or press ? or * to list all spells.
You blink.
You are engulfed in blazing flames.
Found 18 gold pieces.
You are engulfed in blazing flames.
* * * LOW HITPOINT WARNING * * *
Found 12 gold pieces.
You are engulfed in blazing flames.
You die...

##.#...##.#
###############.##.####.##
...............##### #..#
###.############ ##.# #.#
#.# #.# #.# #.# §§≈ #.#
#.# $≈§.§##########.# #.#
$§§...@°§§§°...# #.#
(§§≈..☼○§○○§...# #.#
$$≈≈...○§§☼§§...# #.#
.≈≈§.##########.# #.#
≈≈≈≈. #.# #.# ≈... #.# #.#
≈≈. #.#
#.####################.#
#......................#


There were no monsters in sight!

Vanquished Creatures
  A komodo dragon (D:9)
  A hippogriff (D:8)
  2 water moccasins
  3 sky beasts (D:7)
  3 orc warriors
  3 ice beasts
  A black bear (D:9)
  An ogre (D:5)
  4 centaurs
  A crocodile (D:8)
  4 bullfrogs
  A scorpion (D:5)
  6 killer bees (D:7)
  A wight (D:7)
  2 howler monkeys (D:7)
  4 crimson imps
  2 centaur zombies (D:7)
  2 jellies
  An orc priest (D:6)
  A bullfrog skeleton (D:8)
  2 hounds
  An iguana (D:4)
  15 orc wizards
  3 worker ants
  A hound zombie (D:7)
  A hound skeleton (D:6)
  3 gnolls (D:8)
  12 adders
  2 oozes
  2 adder skeletons
  7 worms
  A dart slug (D:3)
  4 leopard geckos
  38 orcs
  2 ball pythons (D:2)
  8 bats
  5 giant cockroaches
  11 goblins
  12 hobgoblins
  11 jackals
  6 quokkas
  8 frilled lizards
  A jackal skeleton (D:4)
  A jackal zombie (D:7)
  7 kobolds
  5 rats
213 creatures vanquished.

Vanquished Creatures (collateral kills)
  A hippogriff (D:9)
  A crimson imp (D:9)
  An orc wizard (D:9)
  A howler monkey skeleton (D:9)
  4 gnolls
  6 orcs (D:8)
14 creatures vanquished.

Vanquished Creatures (others)
  A wizard (D:4)
  A black bear (D:9)
  A plant (D:9)
  4 toadstools (D:2)
7 creatures vanquished.

Grand Total: 234 creatures vanquished

Notes
Turn   | Place    | Note
-------+----------+-------------------------------------------
     0 | D:1      | wrshamilton the Gargoyle Ice Elementalist began the quest
                  | for the Orb.
     0 | D:1      | Reached XP level 1. HP: 10/10 MP: 3/3
   215 | D:1      | Reached XP level 2. HP: 15/15 MP: 0/5
   271 | D:1      | Learned a level 2 spell: Throw Frost
   675 | D:1      | Reached skill level 4 in Ice Magic
   675 | D:1      | Reached XP level 3. HP: 19/19 MP: 6/6
  1552 | D:2      | Reached XP level 4. HP: 24/24 MP: 2/7
  1558 | D:2      | Learned a level 4 spell: Throw Icicle
  2224 | D:2      | Found a snail-covered altar of Cheibriados.
  2416 | D:2      | Found a basalt altar of Yredelemnul.
  2417 | D:2      | Found a shimmering blue altar of Sif Muna.
  2435 | D:2      | Became a worshipper of Sif Muna the Loreminder
  3310 | D:3      | Reached XP level 5. HP: 28/28 MP: 3/9
  3685 | D:3      | Found a shadowy altar of Dithmenos.
  3700 | D:3      | Reached * piety under Sif Muna
  4587 | D:4      | Reached XP level 6. HP: 32/32 MP: 3/12
  5230 | D:4      | Found a bloodstained altar of Trog.
  5233 | D:4      | Noticed a wizard
  5240 | D:4      | Killed a wizard
  5599 | D:4      | Reached skill level 5 in Conjurations
  5761 | D:5      | Entered Level 5 of the Dungeon
  5825 | D:5      | Reached XP level 7. HP: 26/36 MP: 6/13
  5887 | D:5      | You fall into a shaft and drop 2 floors!
  5993 | D:7      | Reached ** piety under Sif Muna
  6046 | D:7      | Reached skill level 5 in Ice Magic
  6324 | D:7      | Found a staircase to the Ecumenical Temple.
  6328 | Temple   | Entered the Ecumenical Temple
  6631 | D:7      | Found a stormy altar of Qazlal.
  6646 | D:7      | Reached skill level 6 in Ice Magic
  6720 | D:7      | Noticed a hornet
  6751 | D:7      | Reached XP level 8. HP: 35/41 MP: 0/14
  6854 | D:7      | Learned a level 3 spell: Ozocubu's Armour
  6861 | Temple   | Learned a level 4 spell: Summon Ice Beast
  6981 | D:7      | Reached skill level 7 in Ice Magic
  7284 | D:5      | Found Cicod's Book Boutique.
  7290 | D:5      | Bought a book of Minor Magic for 280 gold pieces
  7485 | D:5      | Found a white marble altar of Elyvilon.
  7552 | D:5      | Reached skill level 8 in Ice Magic
  8209 | D:6      | Reached *** piety under Sif Muna
  8326 | D:6      | Got a shimmering dagger
  8327 | D:6      | Identified the +7 dagger of Hukism {venom, rElec Str+2
                  | Dex+3 Stlth-} (You found it on level 6 of the Dungeon)
  8499 | D:6      | Found a glowing silver altar of Zin.
  8500 | D:6      | Noticed an angel
  8520 | D:6      | Found a runed translucent door.
  8676 | D:6      | Reached skill level 1 in Charms
  8676 | D:6      | Reached skill level 1 in Summonings
  9210 | D:7      | Reached XP level 9. HP: 42/45 MP: 9/15
  9214 | D:7      | Learned a level 2 spell: Blink
  9685 | D:8      | Reached skill level 5 in Summonings
 10127 | D:7      | Found a glowing silver altar of Zin.
 10498 | D:7      | Reached skill level 1 in Translocations
 10626 | D:8      | Reached skill level 1 in Fighting
 10651 | D:8      | Reached **** piety under Sif Muna
 10869 | D:7      | Reached skill level 1 in Short Blades
 11368 | D:8      | Reached skill level 5 in Spellcasting
 11434 | D:8      | Reached XP level 10. HP: 49/54 MP: 10/17
 12255 | D:9      | Found a staircase to the Lair.
 12471 | D:9      | Identified the Disquisition on the Creative Glacier
 12887 | D:9      | Engulfed by a cloud of flame

Levels and vault maps discovered:
D:1:      saegor_arrival_simple_e, layout_loops_ring
D:2:      minmay_inner_zag, layout_loops_corners,
          gammafunk_temple_overflow_pools, cheibriados_altar_1,
          minmay_gold_behind_fungi, minmay_misc_feat_doors, minmay_unequal
D:3:      layout_rooms, overflow_temple_1_default, first_ration
D:4:      layout_cave_pods, trog_wizard
D:5:      layout_loops_ring, elyvilon_altar_1, serial_shops,
          kennysheep_little_box
D:6:      corexii_shack_village, layout_loops_cross, lemuel_angel_altar
D:7:      layout_gridville, grunt_qazlal_clouds, lemuel_doored_altar,
          minmay_temple_entry_wispy
D:8:      minmay_goldmine, layout_basic
D:9:      lemuel_flame_loot_2, layout_layer_cave, david_lair_shrubbed
Temple:   regret_index_temple_generic_petals

Skill      XL: |  1  2  3  4  5  6  7  8  9 10 |
---------------+-------------------------------+-----
Ice Magic      | 4 6 8 |  8.2
Conjurations   | 2 3 5 6 |  6.1
Spellcasting   | 4 5 |  5.7
Charms         | 1 |  1.3
Summonings     | 3 6 |  6.1
Translocations | 2 |  2.4
Fighting       | 2 3 |  3.4
Short Blades   | 1 3 |  3.1
Slings         | |  0.2
Dodging        | |  1.5
Stealth        | |  2.2

Action                   |  1- 3 |  4- 6 |  7- 9 | 10-12 || total
-------------------------+-------+-------+-------+-------++-------
Melee: Spear             |    23 |       |       |       ||    23
       Dagger            |     9 |     3 |   187 |    57 ||   256
       Flail             |       |    29 |    81 |       ||   110
 Fire: Hunting sling     |       |    66 |       |       ||    66
 Cast: Freeze            |    32 |   115 |    85 |     5 ||   237
       Throw Frost       |     5 |    35 |     7 |       ||    47
       Throw Icicle      |       |     7 |    39 |     5 ||    51
       Ozocubu's Armour  |       |       |     4 |     3 ||     7
       Summon Ice Beast  |       |       |     4 |     7 ||    11
       Blink             |       |       |       |     2 ||     2
Evoke: Wand              |       |       |     1 |     9 ||    10
  Use: Scroll            |     2 |    13 |    10 |       ||    25
       Potion            |       |     2 |     1 |       ||     3
 Stab: Sleeping          |     4 |     3 |     2 |       ||     9
  Eat: Chunk             |     3 |    17 |    20 |     7 ||    47
       Ration            |       |       |     2 |       ||     2
Armor: Robe              |    13 |       |       |       ||    13
       Leather armour    |     2 |    58 |   183 |    24 ||   267
Dodge: Dodged            |    21 |    87 |   203 |    34 ||   345
